 Dungeon Crawl Stone Soup version 0.21.1-1-g345015f (webtiles) character file.

202 inc the Covered (level 5, -1/47 HPs)
             Began as a Minotaur Fighter on Feb 18, 2018.
             Slain by SaintRoka's ghost (9 damage)
             ... on level 4 of the Dungeon.
             The game lasted 00:24:12 (3232 turns).

inc the Covered (Minotaur Fighter)                  Turns: 3232, Time: 00:24:13

Health: -1/47      AC:  0    Str: 21    XL:     5   Next: 50%
Magic:  4/4        EV: 13    Int:  5    God:
Gold:   192        SH:  0    Dex: 10    Spells: 4/4 levels left

rFire    . . .     SeeInvis .   (weapon currently unavailable)
rCold    . . .     Gourm    .   (shield currently unavailable)
rNeg     . . .     Faith    .   (armour currently unavailable)
rPois    .         Spirit   .   (helmet currently unavailable)
rElec    .         Reflect  .   (cloak currently unavailable)
rCorr    .         Harm     .   (gloves currently unavailable)
MR       .....                  (boots currently unavailable)
Stlth    +.........             (no amulet)
HPRegen  0.15/turn              (ring currently unavailable)
MPRegen  0.09/turn              (ring currently unavailable)

@: pig-form, heavily drained, very quick
A: small, (retaliatory headbutt)
a: no special abilities


You were on level 4 of the Dungeon.
You were not hungry.
You were a filthy swine.
You visited 1 branch of the dungeon, and saw 4 of its levels.

You collected 192 gold pieces.

Inventory:

Hand Weapons
 a - a +0 flail (melded)
 k - a +1 spear of venom
 l - a +3 mace
Armour
 b - a +0 scale mail
 c - a +0 shield (melded)
 t - a +0 chain mail (melded)
Jewellery
 e - an uncursed ring of magical power {unknown}
Wands
 s - a wand of random effects (42)
Scrolls
 h - 2 scrolls of fear
 o - a scroll of identify
 p - a scroll of fog
Potions
 d - a potion of might
 g - 3 potions of curing
 i - a potion of haste {unknown}
 j - a potion of heal wounds
 m - a potion of ambrosia {unknown}
 q - a potion of flight {unknown}
 r - a potion of resistance
 u - a potion of agility {unknown}
Books
 n - a book of Maledictions

   Spells                             Type                      Level
   a - Corona                         Hexes                        1
   b - Ensorcelled Hibernation        Hexes/Ice                    2
   c - Confuse                        Hexes                        3
   d - Tukima's Dance                 Hexes                        3
   e - Dazzling Spray                 Conjuration/Hexes            3
Comestibles
 f - 11 rations


   Skills:
 + Level 4.4(3.1) Fighting
 + Level 4.1(2.7) Maces & Flails
 + Level 5.0(3.6) Armour
 + Level 1.6(0.4) Dodging
 + Level 4.6(3.3) Shields


You had 4 spell levels left.
You didn't know any spells.

Dungeon Overview and Level Annotations

Branches:
Dungeon (4/15)
 Temple: D:4-7

Altars:

Annotations:
D:4 Edmund; SaintRoka's ghost, amateur OgFi


Innate Abilities, Weirdness & Mutations

((You reflexively headbutt those who attack you in melee.))
((You have a pair of horns on your head.))


Message History

You hit Edmund. Your headbutt misses Edmund.
Edmund is heavily wounded.
Edmund hits you with a flail of draining.
You feel drained.
You hit Edmund. Your headbutt misses Edmund.
Edmund is severely wounded.
Edmund zaps a wand.
You turn into a filthy swine.
Your +0 flail melds into your body.
Your +0 shield melds into your body.
Your +0 chain mail melds into your body.
You barely miss Edmund.
Edmund is heavily wounded.
Edmund hits you with a flail of draining!
You feel drained.
SaintRoka's ghost turns its malevolent gaze towards you.
You hit SaintRoka's ghost.
SaintRoka's ghost is lightly damaged.
SaintRoka's ghost hits you!
* * * LOW HITPOINT WARNING * * *
SaintRoka's ghost hits you!
You die...

..... ##..#
#.....# .....#
##..# ##.....#
#...##...#
#..###...#
#..<...###..# ##
##.....##...#
###...##@..# ..
#...#....#..#
##...W.......#
#....h.........
##...........###
##.......#.....#
##........####....
..........# ##..
#####
.......#.#######..
#.#.#
................
#..##
#####...........
##..# ###.....####


You could see Edmund and SaintRoka's ghost.

Vanquished Creatures
  A hound (D:4)
  A worker ant (D:2)
  Ijyb (D:3)
  5 adders
  An ooze (D:3)
  2 worms
  2 dart slugs (D:3)
  A leopard gecko (D:3)
  An orc (D:3)
  5 bats
  6 giant cockroaches
  12 goblins
  5 hobgoblins
  2 jackals (D:1)
  6 frilled lizards
  6 kobolds
  10 rats
67 creatures vanquished.

Notes
Turn   | Place    | Note
-------+----------+-------------------------------------------
     0 | D:1      | inc the Minotaur Fighter began the quest for the Orb.
     0 | D:1      | Reached XP level 1. HP: 19/19 MP: 0/0
   200 | D:1      | Reached XP level 2. HP: 27/27 MP: 1/1
   354 | D:1      | Reached skill level 4 in Armour
  1242 | D:2      | Reached XP level 3. HP: 29/33 MP: 2/2
  1320 | D:2      | Reached XP level 4. HP: 39/40 MP: 3/3
  1509 | D:2      | Reached skill level 1 in Dodging
  2263 | D:3      | Noticed Ijyb
  2286 | D:3      | Killed Ijyb
  2286 | D:3      | Reached XP level 5. HP: 20/47 MP: 4/4
  2944 | D:4      | Noticed SaintRoka's ghost (amateur OgFi)
  3122 | D:4      | Reached skill level 5 in Armour
  3213 | D:4      | Noticed Edmund
  3232 | D:4      | Slain by SaintRoka's ghost

Skill      XL: |  1  2  3  4  5 |
---------------+----------------+-----
Armour         | 4 5 |  5.0
Fighting       | 4 |  4.4
Maces & Flails | 3 4 |  4.1
Shields        | 4 |  4.6
Dodging        | 1 |  1.6

Action                   |  1- 3 |  4- 6 || total
-------------------------+-------+-------++-------
Melee: Flail             |    81 |   122 ||   203
       Headbutt          |    19 |    21 ||    40
       Unarmed           |       |     2 ||     2
  Use: Scroll            |     4 |     3 ||     7
  Eat: Chunk             |     1 |     4 ||     5
       Ration            |       |     1 ||     1
Armor: Scale mail        |    38 |    35 ||    73
       Chain mail        |       |     9 ||     9
Dodge: Dodged            |    19 |    36 ||    55
Block: Shield            |    32 |    56 ||    88
